Map: [ESL] Cosmic Sapphire

Players

Creature

  • Race: Protoss Protoss
  • Spawn Location: 5:00

PiLiPiLi - Winner!

  • Race: Protoss Protoss
  • Spawn Location: 11:00

Event: DreamHack SC2 Masters 2022 Atlanta (Online)

VOD

Have the link to the VOD?

Description

Time

  • Played on: Oct. 7, 2022, 3:40 p.m.
  • Length: 10:41

All games in this series

Show
View Real Time Build Order
Export as new Build Order

Creature Protoss 

Build Orders:  

Get SALT Encoding   

  12  0:00  Probe  
  13  0:12  Probe  
  14  0:17  Pylon  
  14  0:24  Probe  
  15  0:35  Gateway  
  15  0:36  Probe (Chrono Boost)  
  16  0:46  Probe (Chrono Boost)  
  16  0:47  Assimilator  
  17  0:51  Probe (Chrono Boost)  
  18  0:58  Assimilator  
  18  1:03  Probe (Chrono Boost)  
  19  1:08  Gateway  
  19  1:12  Probe (Chrono Boost)  
  19  1:17  Probe (Chrono Boost)  
  20  1:23  Cybernetics Core  
  21  1:29  Probe  
  22  1:34  Pylon  
  22  1:41  Probe  
  23  1:53  Probe  
  24  2:00  Stalker  
  24  2:01  Warp Gate, Stalker  
  29  2:08  Probe  
  29  2:14  Pylon  
  29  2:29  Pylon  
  29  2:33  Stalker  
  30  2:43  Sentry  
  32  2:51  Nexus  
  32  2:54  Probe  
  33  3:00  Shield Battery  
  33  3:08  Probe  
  33  3:12  Robotics Facility  
  34  3:16  Sentry  
  36  3:21  Stalker  
  36  3:25  Probe  
  39  3:32  Shield Battery  
  39  3:40  Pylon  
  39  3:58  Probe  
  39  4:02  Stalker x2  
  44  4:11  Probe x2 (Chrono Boost)  
  44  4:15  Observer (Chrono Boost)  
  47  4:21  Probe x2 (Chrono Boost)  
  49  4:26  Probe (Chrono Boost)  
  49  4:27  Probe  
  49  4:28  Twilight Council  
  51  4:37  Probe  
  52  4:40  Probe  
  52  4:42  Stalker  
  55  4:51  Probe  
  56  4:53  Stalker  
  57  5:04  Probe (Chrono Boost)  
  57  5:06  Probe (Chrono Boost)  
  56  5:14  Assimilator, Pylon  
  56  5:16  Probe (Chrono Boost)  
  56  5:18  Probe (Chrono Boost)  
  56  5:20  Blink (Chrono Boost)  
  58  5:21  Probe (Chrono Boost)  
  58  5:22  Probe (Chrono Boost)  
  59  5:30  Probe  
  59  5:32  Probe  
  61  5:41  Stalker  
  63  5:43  Probe  
  63  5:45  Nexus, Probe  
  63  5:46  Pylon  
  65  5:54  Immortal  
  68  6:00  Probe  
  68  6:01  Probe  
  70  6:07  Assimilator  
  70  6:13  Probe x2  
  72  6:19  Gateway  
  72  6:22  Gateway  
  72  6:25  Probe  
  73  6:30  Gateway  
  73  6:33  Stalker x2  
  77  6:40  Phoenix  
  77  6:42  Pylon  
  77  6:46  Probe  
  78  6:50  Pylon  
  78  6:56  Gateway, Probe  
  78  6:57  Gateway  
  79  7:02  Stalker x2  
  79  7:03  Charge (Chrono Boost)  
  83  7:11  Probe x2 (Chrono Boost)  
  84  7:16  Probe (Chrono Boost)  
  84  7:17  Stalker x2  
  84  7:21  Probe (Chrono Boost)  
  90  7:22  Probe (Chrono Boost)  
  90  7:26  Probe x2 (Chrono Boost)  
  90  7:29  Templar Archives  
  92  7:31  Shield Battery  
  92  7:37  Shield Battery, Stalker x2  
  92  7:43  Stalker  
  98  7:49  Templar Archives  
  98  7:56  Pylon  
  98  7:58  Stalker x2  
  100  8:00  Shield Battery  
  102  8:09  Probe  
  103  8:14  High Templar x2  
  107  8:20  Archon  
  107  8:21  Zealot x5  
  107  8:25  Pylon  
  99  8:48  Zealot  
  99  8:49  Zealot x6  
  99  9:02  Probe  
  86  9:03  Probe  
  85  9:11  Zealot x4  
  85  9:14  Zealot x2  
  85  9:15  Zealot  
  91  9:17  Probe  
  91  9:22  Probe  
  85  9:29  Probe  
  75  9:33  Zealot x4  
  75  9:35  Probe  
  75  9:37  Zealot x3  
  74  9:50  Zealot  
  74  9:51  Zealot  
  63  9:54  Zealot x5  
  52  10:10  High Templar  
  52  10:11  High Templar x3  
  60  10:14  Pylon  
  60  10:15  Archon x2  
  60  10:18  Pylon  
  64  10:33  Zealot  
Show
View Real Time Build Order
Export as new Build Order

PiLiPiLi Protoss - Winner!

Build Orders: Oracle Opening 

Get SALT Encoding   

  12  0:00  Probe  
  13  0:12  Probe  
  14  0:17  Pylon  
  14  0:24  Probe (Chrono Boost)  
  15  0:36  Probe (Chrono Boost)  
  15  0:37  Gateway  
  16  0:45  Probe (Chrono Boost), Assimilator  
  17  0:51  Probe  
  17  0:56  Assimilator  
  18  1:03  Probe (Chrono Boost)  
  19  1:08  Gateway  
  19  1:15  Probe (Chrono Boost)  
  20  1:20  Probe (Chrono Boost)  
  21  1:25  Cybernetics Core  
  21  1:30  Probe  
  22  1:36  Pylon  
  22  1:43  Probe  
  23  1:55  Probe  
  24  2:01  Stalker  
  24  2:02  Stalker  
  24  2:04  Warp Gate  
  28  2:14  Pylon  
  28  2:15  Probe  
  29  2:25  Stargate  
  28  2:37  Probe  
  28  2:38  Stalker  
  28  2:42  Stalker  
  33  3:06  Oracle (Chrono Boost)  
  36  3:17  Nexus  
  36  3:21  Probe  
  36  3:27  Pylon  
  37  3:36  Shield Battery  
  37  3:45  Oracle  
  40  3:57  Probe  
  41  4:09  Probe  
  42  4:12  Twilight Council  
  42  4:16  Adept x2  
  46  4:21  Probe (Chrono Boost)  
  47  4:28  Shield Battery  
  47  4:30  Probe (Chrono Boost)  
  48  4:33  Probe (Chrono Boost)  
  50  4:39  Probe (Chrono Boost)  
  50  4:41  Probe (Chrono Boost)  
  50  4:44  Sentry, Probe (Chrono Boost)  
  53  4:47  Probe  
  53  4:48  Blink (Chrono Boost)  
  55  4:56  Probe  
  55  4:59  Probe  
  53  5:08  Probe  
  53  5:11  Probe, Stalker  
  53  5:12  Stalker  
  59  5:17  Pylon  
  59  5:20  Probe  
  59  5:21  Gateway  
  60  5:23  Probe  
  61  5:32  Probe  
  62  5:35  Probe  
  63  5:44  Probe  
  63  5:47  Nexus, Robotics Facility  
  63  5:48  Probe  
  65  5:56  Probe  
  66  5:59  Stalker x2  
  70  6:04  Pylon  
  70  6:12  Pylon  
  70  6:15  Pylon  
  70  6:22  Probe x2  
  72  6:26  Gateway  
  72  6:27  Gateway  
  72  6:29  Gateway  
  72  6:34  Probe  
  72  6:35  Observer (Chrono Boost)  
  74  6:46  Warp Prism (Chrono Boost)  
  74  6:47  Zealot  
  74  6:48  Zealot x2  
  74  6:52  Gateway  
  74  6:53  Gateway  
  82  6:57  Charge (Chrono Boost)  
  82  7:00  Gateway  
  79  7:04  Gateway  
  79  7:11  Zealot  
  79  7:12  Zealot x2  
  85  7:16  Immortal, Probe x3  
  92  7:28  Probe  
  92  7:29  Pylon  
  93  7:31  Pylon  
  93  7:45  Stalker  
  93  7:46  Stalker x5  
  105  8:00  Zealot x4  
  113  8:09  Warp Prism (Chrono Boost)  
  115  8:17  Pylon  
  115  8:19  Zealot x3, Pylon  
  121  8:20  Zealot x2  
  115  8:35  Zealot x5  
  123  8:42  Zealot x2  
  123  8:45  Zealot x2  
  119  8:50  Zealot  
  109  8:57  Zealot x5  
  99  9:02  Zealot  
  99  9:03  Zealot x2  
  99  9:08  Zealot x2  
  97  9:17  Zealot x3  
  97  9:18  Zealot  
  97  9:27  Zealot  
  97  9:28  Zealot x3  
  96  9:37  Stalker x3  
  100  9:42  Stalker x2  
  96  9:49  Stalker  
  96  9:50  Stalker  
  97  9:53  Observer (Chrono Boost)  
  91  10:05  Zealot x6, Observer (Chrono Boost)  
  100  10:23  Forge  
  100  10:31  Zealot x2  
  100  10:32  Zealot x6  
  108  10:39  Zealot  
Tags
 
Add a new tag
Caveats
  • Supply blocks, unpowered buildings, or Contaminate may cause inaccurate times.
  • Supply counts are checked every 10 seconds.